| TOP OF THE 1ST |
|
Windy City ThunderBolts batting - Pitching for Canton Indians : RHP Yann Jarry
|
|
Pitching: RHP Yann Jarry
|
|
|
Batting: RHB Joe Thomas
|
0-0: Ball 1-0: Called Strike 1-1: Ball 2-1: Called Strike 2-2: Foul Ball, location: 2F 2-2: Strikes out swinging
|
|
Batting: SHB Dan Strickland
|
0-0: Ball 1-0: Called Strike 1-1: Fly out, F7 (Flyball, 7D, EV 94.4 MPH)
|
|
Batting: RHB Paul Holland
|
0-0: Ball 1-0: Ball 2-0: Ball 3-0: Foul Ball, location: 2F 3-1: Called Strike 3-2: Strikes out swinging
|
| Top of the 1st over - 0 runs, 0 hits, 0 errors, 0 left on base; Windy City 0 - Canton 0 |
| BOTTOM OF THE 1ST |
|
Canton Indians batting - Pitching for Windy City ThunderBolts : RHP J.J. Donovan
|
|
Pitching: RHP J.J. Donovan
|
|
|
Batting: RHB Oscar Hernandez
|
0-0: Called Strike 0-1: Ball 1-1: Ball 2-1: Fly out, F7 (Line Drive, 7D, EV 98.8 MPH)
|
|
Batting: RHB Jonathan Johnstad
|
0-0: Called Strike 0-1: Swinging Strike 0-2: Ball 1-2: Ball 2-2: Strikes out swinging
|
|
Batting: RHB Rob Marti
|
0-0: Ball 1-0: SINGLE (Groundball, 6M, EV 103.1 MPH) (infield hit)
|
|
Batting: LHB Julio Zamora
|
0-0: Fly out, F8 (Flyball, 8RS, EV 68.8 MPH)
|
| Bottom of the 1st over - 0 runs, 1 hit, 0 errors, 1 left on base; Windy City 0 - Canton 0 |
| TOP OF THE 2ND |
|
Windy City ThunderBolts batting - Pitching for Canton Indians : RHP Yann Jarry
|
|
Batting: RHB Bellchior Osuna
|
0-0: Ball 1-0: Swinging Strike 1-1: Ball 2-1: Ball 3-1: Foul Ball, location: 2F 3-2: Strikes out looking
|
|
Batting: RHB Eddie Dimas
|
0-0: Ball 1-0: Called Strike 1-1: Ball 2-1: Foul Ball, location: 2F 2-2: Strikes out looking
|
|
Batting: RHB Klaus Brown
|
0-0: Called Strike 0-1: Ball 1-1: Called Strike 1-2: Foul Ball, location: 2F 1-2: Ball 2-2: Strikes out swinging
|
| Top of the 2nd over - 0 runs, 0 hits, 0 errors, 0 left on base; Windy City 0 - Canton 0 |
| BOTTOM OF THE 2ND |
|
Canton Indians batting - Pitching for Windy City ThunderBolts : RHP J.J. Donovan
|
|
Batting: RHB David Haas
|
0-0: Ball 1-0: Foul Ball, location: 2F 1-1: Ball 2-1: Foul Ball, location: 2F 2-2: Foul Ball, location: 2F 2-2: Foul Ball, location: 2F 2-2: Ball 3-2: Base on Balls
|
|
Batting: LHB Mike Belile
|
0-0: Ball 1-0: Called Strike 1-1: Ball 2-1: Fly out, F8 (Flyball, 8LM, EV 82.5 MPH)
|
|
Batting: RHB Giuliano Giacoletti Jr.
|
0-0: Called Strike 0-1: Swinging Strike 0-2: Ball 1-2: Foul Ball, location: 2F 1-2: Foul Ball, location: 2F 1-2: Strikes out looking
|
|
Batting: RHB Jesus Sanchez
|
0-0: Ball 1-0: Called Strike 1-1: Called Strike 1-2: Foul Ball, location: 2F 1-2: Fly out, F7 (Flyball, 78D, EV 105.6 MPH)
|
| Bottom of the 2nd over - 0 runs, 0 hits, 0 errors, 1 left on base; Windy City 0 - Canton 0 |
| TOP OF THE 3RD |
|
Windy City ThunderBolts batting - Pitching for Canton Indians : RHP Yann Jarry
|
|
Batting: RHB Camillo Bonauiti
|
0-0: Fly out, F8 (Flyball, 8LM, EV 79.4 MPH)
|
|
Batting: RHB Nhat Phong
|
0-0: Ball 1-0: Ground out 5-3 (Groundball, 5, EV 87.5 MPH)
|
|
Batting: RHB Sim Damit
|
0-0: Swinging Strike 0-1: Foul Ball, location: 2F 0-2: Ball 1-2: Foul Ball, location: 2F 1-2: Strikes out looking
|
| Top of the 3rd over - 0 runs, 0 hits, 0 errors, 0 left on base; Windy City 0 - Canton 0 |
| BOTTOM OF THE 3RD |
|
Canton Indians batting - Pitching for Windy City ThunderBolts : RHP J.J. Donovan
|
|
Batting: SHB Jose Abreu
|
0-0: Called Strike 0-1: Ball 1-1: Ball 2-1: Foul Ball, location: 2F 2-2: Strikes out swinging
|
|
Batting: RHB Oscar Hernandez
|
0-0: Foul Ball, location: 2F 0-1: Swinging Strike 0-2: Ball 1-2: SOLO HOME RUN (Flyball, 7D, EV 98.8 MPH), Distance : 386 ft
|
|
Batting: RHB Jonathan Johnstad
|
0-0: Ball 1-0: Ball 2-0: Ball 3-0: Called Strike 3-1: Ground out 6-3 (Groundball, 6, EV 87.5 MPH)
|
|
Batting: RHB Rob Marti
|
0-0: Ball 1-0: Ball 2-0: Fly out, F9 (Flyball, 9, EV 78.8 MPH)
|
| Bottom of the 3rd over - 1 run, 1 hit, 0 errors, 0 left on base; Windy City 0 - Canton 1 |
| TOP OF THE 4TH |
|
Windy City ThunderBolts batting - Pitching for Canton Indians : RHP Yann Jarry
|
|
Batting: RHB Joe Thomas
|
0-0: Foul Ball, location: 2F 0-1: Swinging Strike 0-2: Strikes out swinging
|
|
Batting: SHB Dan Strickland
|
0-0: Foul Ball, location: 2F 0-1: Foul Ball, location: 2F 0-2: Ball 1-2: Ball 2-2: Ball 3-2: Ground out 4-3 (Groundball, 4S, EV 91.2 MPH)
|
|
Batting: RHB Paul Holland
|
0-0: Foul Ball, location: 2F 0-1: Fly out, F5 (Popup, 5SF, EV 79.4 MPH)
|
| Top of the 4th over - 0 runs, 0 hits, 0 errors, 0 left on base; Windy City 0 - Canton 1 |
| BOTTOM OF THE 4TH |
|
Canton Indians batting - Pitching for Windy City ThunderBolts : RHP J.J. Donovan
|
|
Batting: LHB Julio Zamora
|
0-0: Ball 1-0: SINGLE (Groundball, 4D, EV 106.2 MPH)
|
|
Batting: RHB David Haas
|
0-0: Ball 1-0: Foul Ball, location: 2F 1-1: Foul Ball, location: 2F 1-2: Strikes out swinging
|
|
Batting: LHB Mike Belile
|
0-0: Ball 1-0: Fly out, F9 (Flyball, 89S, EV 75.0 MPH)
|
|
Batting: RHB Giuliano Giacoletti Jr.
|
0-0: Foul Ball, location: 2F 0-1: SINGLE (Flyball, 7, EV 80.6 MPH) Julio Zamora to second
|
|
Batting: RHB Jesus Sanchez
|
0-0: Swinging Strike 0-1: Swinging Strike 0-2: Strikes out swinging
|
| Bottom of the 4th over - 0 runs, 2 hits, 0 errors, 2 left on base; Windy City 0 - Canton 1 |
| TOP OF THE 5TH |
|
Windy City ThunderBolts batting - Pitching for Canton Indians : RHP Yann Jarry
|
|
Batting: RHB Bellchior Osuna
|
0-0: Ball 1-0: Called Strike 1-1: Fly out, F6 (Popup, 6, EV 54.4 MPH)
|
|
Batting: RHB Eddie Dimas
|
0-0: Foul Ball, location: 2F 0-1: Ball 1-1: Fly out, F6 (Popup, P, EV 83.8 MPH)
|
|
Batting: RHB Klaus Brown
|
0-0: Ball 1-0: Ball 2-0: Foul Ball, location: 2F 2-1: Foul Ball, location: 2F 2-2: Foul Ball, location: 2F 2-2: Foul Ball, location: 2F 2-2: Strikes out swinging
|
| Top of the 5th over - 0 runs, 0 hits, 0 errors, 0 left on base; Windy City 0 - Canton 1 |
| BOTTOM OF THE 5TH |
|
Canton Indians batting - Pitching for Windy City ThunderBolts : RHP J.J. Donovan
|
|
Batting: SHB Jose Abreu
|
0-0: Ball 1-0: SINGLE (Line Drive, 8LS, EV 110.6 MPH)
|
|
Batting: RHB Oscar Hernandez
|
0-0: Called Strike Jose Abreu is caught stealing 2nd base 2-4 0-1: Swinging Strike 0-2: Ball 1-2: Strikes out swinging
|
|
Batting: RHB Jonathan Johnstad
|
0-0: Called Strike 0-1: Foul Ball, location: 2F 0-2: SINGLE (Groundball, 56D, EV 98.1 MPH)
|
|
Batting: RHB Rob Marti
|
0-0: Ball 1-0: Foul Ball, location: 2F 1-1: Fly out, F8 (Flyball, 8RS, EV 93.8 MPH)
|
| Bottom of the 5th over - 0 runs, 2 hits, 0 errors, 1 left on base; Windy City 0 - Canton 1 |
| TOP OF THE 6TH |
|
Windy City ThunderBolts batting - Pitching for Canton Indians : RHP Yann Jarry
|
|
Batting: RHB Camillo Bonauiti
|
0-0: Ball 1-0: Ball 2-0: Called Strike 2-1: Ground out 6-3 (Groundball, 56D, EV 100.6 MPH)
|
|
Batting: RHB Nhat Phong
|
0-0: Ball 1-0: Ground out 3-1 (Groundball, 34, EV 88.8 MPH)
|
|
Batting: RHB Sim Damit
|
0-0: Swinging Strike 0-1: Called Strike 0-2: Ball 1-2: Foul Ball, location: 2F 1-2: Ball 2-2: Ball 3-2: Base on Balls
|
|
Batting: RHB Joe Thomas
|
0-0: Called Strike 0-1: Called Strike 0-2: Ball 1-2: Ball Sim Damit steals 2nd base 2-2: Strikes out swinging
|
| Top of the 6th over - 0 runs, 0 hits, 0 errors, 1 left on base; Windy City 0 - Canton 1 |
| BOTTOM OF THE 6TH |
|
Canton Indians batting - Pitching for Windy City ThunderBolts : RHP J.J. Donovan
|
|
Batting: LHB Julio Zamora
|
0-0: Ball 1-0: SINGLE (Groundball, 34D, EV 94.4 MPH)
|
|
Batting: RHB David Haas
|
0-0: Foul Ball, location: 2F 0-1: Swinging Strike 0-2: Ball 1-2: Strikes out swinging
|
|
Batting: LHB Mike Belile
|
0-0: Foul Ball, location: 2F 0-1: Called Strike 0-2: Foul Ball, location: 2F 0-2: Foul Ball, location: 2F 0-2: Ball 1-2: Ball 2-2: Strikes out looking
|
|
Batting: RHB Giuliano Giacoletti Jr.
|
0-0: Called Strike 0-1: Called Strike 0-2: Ball 1-2: Strikes out swinging
|
| Bottom of the 6th over - 0 runs, 1 hit, 0 errors, 1 left on base; Windy City 0 - Canton 1 |
| TOP OF THE 7TH |
|
Windy City ThunderBolts batting - Pitching for Canton Indians : RHP Yann Jarry
|
|
Batting: SHB Dan Strickland
|
0-0: Foul Ball, location: 2F 0-1: Foul Ball, location: 2F 0-2: Fly out, F7 (Flyball, 7LM, EV 78.1 MPH)
|
|
Batting: RHB Paul Holland
|
0-0: Ball 1-0: Ball 2-0: Called Strike 2-1: Foul Ball, location: 2F 2-2: Foul Ball, location: 2F 2-2: Fly out, F6 (Popup, 15, EV 71.9 MPH)
|
|
Batting: RHB Bellchior Osuna
|
0-0: Swinging Strike 0-1: Swinging Strike 0-2: Strikes out swinging
|
| Top of the 7th over - 0 runs, 0 hits, 0 errors, 0 left on base; Windy City 0 - Canton 1 |
| BOTTOM OF THE 7TH |
|
Canton Indians batting - Pitching for Windy City ThunderBolts : RHP J.J. Donovan
|
|
Batting: RHB Jesus Sanchez
|
0-0: Called Strike 0-1: Ball 1-1: Swinging Strike 1-2: Ball 2-2: Strikes out swinging
|
|
Batting: SHB Jose Abreu
|
0-0: Ball 1-0: Ball 2-0: Called Strike 2-1: Swinging Strike 2-2: Ground out U3 (Groundball, 3, EV 80.6 MPH)
|
|
Batting: RHB Oscar Hernandez
|
0-0: Ground out U3 (Groundball, 34S, EV 84.4 MPH)
|
| Bottom of the 7th over - 0 runs, 0 hits, 0 errors, 0 left on base; Windy City 0 - Canton 1 |
| TOP OF THE 8TH |
|
Windy City ThunderBolts batting - Pitching for Canton Indians : RHP Yann Jarry
|
|
Batting: RHB Eddie Dimas
|
0-0: Called Strike 0-1: Ball 1-1: Ball 2-1: Foul Ball, location: 2F 2-2: Foul Ball, location: 2F 2-2: Ball 3-2: SINGLE (Line Drive, 8RS, EV 90.0 MPH)
|
|
Pitching: RHP Ryan Perkins
|
|
|
Batting: RHB Klaus Brown
|
0-0: Called Strike 0-1: Foul Ball, location: 2F 0-2: Ball 1-2: Ball 2-2: Fly out, F5 (Line Drive, 5L, EV 63.8 MPH)
|
|
Batting: RHB Camillo Bonauiti
|
0-0: Ball 1-0: Ball 2-0: Ball 3-0: Called Strike 3-1: Foul Ball, location: 2F 3-2: Foul Ball, location: 2F 3-2: Strikes out looking
|
|
Batting: RHB Nhat Phong
|
0-0: Called Strike 0-1: Called Strike 0-2: Strikes out swinging, 2-3 out at first.
|
| Top of the 8th over - 0 runs, 1 hit, 0 errors, 1 left on base; Windy City 0 - Canton 1 |
| BOTTOM OF THE 8TH |
|
Canton Indians batting - Pitching for Windy City ThunderBolts : RHP J.J. Donovan
|
|
Batting: RHB Jonathan Johnstad
|
0-0: Called Strike 0-1: Hit by Pitch
|
|
Pitching: LHP Dane Preston
|
|
|
Batting: RHB Rob Marti
|
0-0: Ball 1-0: Foul Ball, location: 2F 1-1: Foul Ball, location: 2F 1-2: Ball 2-2: Ball 3-2: Foul Ball, location: 2F 3-2: Fly out, F8 (Flyball, 8RXD, EV 99.4 MPH)
|
|
Batting: RHB Jose Lebron
|
0-0: Ball 1-0: Ball 2-0: SINGLE (Groundball, 56D, EV 105.6 MPH) Jonathan Johnstad to second
|
|
Batting: RHB David Haas
|
0-0: Fly out, F9 (Line Drive, 9, EV 93.1 MPH)
|
|
Batting: LHB Mike Belile
|
0-0: SINGLE (Flyball, 78S, EV 93.1 MPH) Jonathan Johnstad to third Jose Lebron to second
|
|
Batting: RHB Giuliano Giacoletti Jr.
|
0-0: Fly out, F7 (Flyball, 7, EV 79.4 MPH)
|
| Bottom of the 8th over - 0 runs, 2 hits, 0 errors, 3 left on base; Windy City 0 - Canton 1 |
| TOP OF THE 9TH |
|
Windy City ThunderBolts batting - Pitching for Canton Indians : RHP Ryan Perkins
|
|
Pitching: RHP Abdul-Wadud Mazin
|
|
|
Batting: RHB Sim Damit
|
0-0: Swinging Strike 0-1: Ball 1-1: SINGLE (Line Drive, 7S, EV 102.5 MPH)
|
|
Batting: RHB Joe Thomas
|
0-0: Foul Ball, location: 2F 0-1: Ball 1-1: Swinging Strike 1-2: Fielders Choice at 2nd, 5-4 (Groundball, 5S, EV 80.0 MPH)
|
|
Batting: SHB Dan Strickland
|
0-0: Ball 1-0: Foul Ball, location: 2F 1-1: Swinging Strike 1-2: Ball 2-2: SINGLE (Groundball, 4D, EV 108.8 MPH) Joe Thomas to second Runner from 2nd tries for 3rd, OUT! 9-5 Dan Strickland to second
|
|
Batting: RHB Paul Holland
|
0-0: Ball 1-0: Called Strike 1-1: Ball 2-1: Ball 3-1: Fly out, F8 (Flyball, 8LXD, EV 96.2 MPH)
|
| Top of the 9th over - 0 runs, 2 hits, 0 errors, 1 left on base; Windy City 0 - Canton 1 |
|